[Event "Team 45 45 League T43"]
[Site "Internet Chess Club"]
[Date "2009.11.22"]
[Round "4"]
[White "Despair"]
[Black "LoseOften"]
[Result "0-1"]
[WhiteElo "1886"]
[BlackElo "1847"]
[Opening "Nimzovich-Larsen attack: modern variation"]
[ECO "A01"]
[Time "05:00:39"]
[TimeControl "2700+45"]

1. b3 e5 2. Bb2 Nc6 3. g3 d5 4. Bg2 Nf6 5. Nf3 e4 6. Nd4 Bc5 7. Nxc6 bxc6 8. e3
Bg4 9. Qc1 Qd7 10. Bxf6 gxf6 11. Qb2 d4 12. Bxe4 dxe3 13. fxe3 Bxe3 14. Qxf6 Bd4
15. Qxc6 Bxa1 16. Qxa8+ Ke7 17. Qc6 Re8 18. d3 f5 19. Bf3 Kf7+ 20. Kd2 Re2+ 21.
Kc1 Qd4 22. Bxe2 Qe3+ 23. Nd2 Qxe2 24. Qxc7+ Kg6 25. Qc6+ Bf6 26. d4 Kg7 27. h3
Bg5 28. Qc3 Bxh3 29. d5+ Kg6 30. Rxh3 Qf1+ 31. Kb2 Qxh3 32. Qc6+ Bf6+ 33. Ka3
Qg2 34. Qe8+ Kg5 35. Qg8+ Kh6 36. Qe6 Kg7 37. Nc4 Qxc2 38. d6 a5 39. Qd5 Qc3 40.
Qxa5 Qxg3 41. Qc7+ Kg6 42. Qb6 Kg5 43. d7 Qd3 44. Qg1+ Kf4 45. Qh2+ Kg5 46. Qxh7
Qd4 47. Qg8+ Kf4 48. Qb8+ Kg4 49. Qb4 Qa7+ 50. Na5+ f4 51. Qa4 Be7+ 52. b4 Qe3+
53. Nb3 Qd3 54. Qc6 Kg3 55. Ka4 f3 56. Qc7+ Kg2 57. Nc5 Qd1+ 58. Ka5 f2 59. Qc6+
Qf3 60. Qg6+ Kf1 61. Qd3+ Kg2 62. Qg6+ Kf1 63. Qa6+ Qe2 64. Nd3 Qxa2+ 65. Kb5
Qd5+ 66. Nc5 Kg1 67. Qg6+ Qg5 68. Qd3 f1=Q 69. d8=Q Bxd8 70. Qxf1+ Kxf1 71. Kc6
Qf6+ 72. Kb5 Qb6+ 73. Kc4 Be7 74. Nd3 Ke2 75. Nf4+ Kd2 76. Nd5 Qc6+ 77. Kd4 Bxb4
78. Nxb4 Qc3+ {White resigns} 0-1

[Event "Team 45 45 League T43"]
[Site "Internet Chess Club"]
[Date "2009.11.20"]
[Round "4"]
[White "shijith"]
[Black "fishhead"]
[Result "1/2-1/2"]
[WhiteElo "1838"]
[BlackElo "1956"]
[Opening "Queen's pawn: Torre attack"]
[ECO "A46"]
[Time "22:15:37"]
[TimeControl "2700+45"]

1. d4 Nf6 2. Nf3 e6 3. Bg5 h6 4. Bh4 c5 5. c3 Be7 6. Nbd2 Nc6 7. e4 d6 8. Bb5
Qb6 9. a4 a6 10. Nc4 Qc7 11. Bxc6+ Qxc6 12. e5 Qe4+ 13. Qe2 dxe5 14. dxe5 Qxe2+
15. Kxe2 Nd5 16. Bxe7 Kxe7 17. Rhd1 Bd7 18. Rd2 b5 19. Nd6 bxa4 20. Kd3 g5 21.
Kc4 f6 22. Kxc5 fxe5 23. Nxe5 Rhd8 24. Rad1 Ra7 25. Nf5+ Kf6 26. Nxh6 Be8 27. c4
Rc7+ 28. Kd4 Nb6+ 29. Ke4 Rxd2 30. Rxd2 Nxc4 31. Nhg4+ Ke7 32. Rc2 Nd6+ 33. Kd3
Bb5+ 34. Kd2 Ne4+ 35. Kc1 Nc5 36. Rc3 Nb3+ 37. Kb1 Rb7 38. Ka2 Kd6 39. Nc4+ Ke7
40. Nge5 Be8 41. Rg3 Kf6 42. Nd6 Rb8 43. Nxe8+ Rxe8 44. Nd7+ Kf5 45. Nb6 Nc5
{Game drawn by mutual agreement} 1/2-1/2

[Event "Team 45 45 League T43"]
[Site "Internet Chess Club"]
[Date "2009.11.20"]
[Round "4"]
[White "awb"]
[Black "rubo"]
[Result "0-1"]
[WhiteElo "1738"]
[BlackElo "1759"]
[Opening "Caro-Kann: exchange, Rubinstein variation"]
[ECO "B13"]
[Time "17:06:28"]
[TimeControl "2700+45"]

1. e4 c6 2. d4 d5 3. exd5 cxd5 4. Bd3 Nf6 5. c3 Nc6 6. Bf4 e6 7. Nf3 Bd6 8. Bxd6
Qxd6 9. Na3 a6 10. Nc2 O-O 11. O-O b5 12. a3 Bb7 13. Rc1 Rac8 14. Nd2 Na5 15.
Nb4 Nc4 16. Rb1 Qf4 17. Nb3 Rc7 18. g3 Qd6 19. Nc5 Bc8 20. Nc2 e5 21. dxe5 Nxe5
22. Nb3 Nxd3 23. Qxd3 Bb7 24. Nbd4 g6 25. Rbe1 Re7 26. Rxe7 Qxe7 27. Re1 Qd7 28.
Nb3 Qh3 29. Ncd4 Ng4 30. Nf3 d4 31. Nbxd4 Nxh2 32. Re7 Bd5 33. Nh4 Nf1 34. Ndf3
Nxg3 35. fxg3 Qxg3+ 36. Kh1 Qxh4+ 37. Kg2 Bxf3+ 38. Kxf3 Qxe7 {White resigns}
0-1

[Event "Team 45 45 League T43"]
[Site "Internet Chess Club"]
[Date "2009.11.25"]
[Round "4"]
[White "natethegreat"]
[Black "chess92192"]
[Result "0-1"]
[WhiteElo "1873"]
[BlackElo "1987"]
[Opening "French: Steinitz, Boleslavsky variation"]
[ECO "C11"]
[Time "18:00:11"]
[TimeControl "2700+45"]

1. e4 e6 2. d4 d5 3. Nc3 Nf6 4. e5 Nfd7 5. f4 c5 6. Nf3 Nc6 7. Be3 Be7 8. Qd2 a6
9. O-O-O c4 10. f5 b5 11. fxe6 fxe6 12. Ng5 Nxd4 13. Be2 Nxe2+ 14. Qxe2 Bxg5 15.
Qh5+ g6 16. Qxg5 Qxg5 17. Bxg5 O-O 18. Bh6 Rf5 19. g4 Rf7 20. Rhe1 Nc5 21. Be3
Nd7 22. Bg5 Bb7 23. Nxd5 Bxd5 24. Rxd5 exd5 25. e6 Rg7 26. e7 Re8 27. Re6 h6
{White resigns} 0-1

[Event "Team 45 45 League T43"]
[Site "Internet Chess Club"]
[Date "2009.11.20"]
[Round "4"]
[White "hewdondada"]
[Black "avila"]
[Result "1-0"]
[WhiteElo "1797"]
[BlackElo "1739"]
[Opening "QGD semi-Slav"]
[ECO "D43"]
[Time "22:01:31"]
[TimeControl "2700+45"]

1. d4 d5 2. c4 c6 3. Nf3 Nf6 4. Nc3 e6 5. cxd5 exd5 6. Bg5 Be7 7. Qc2 Bg4 8. Ne5
Be6 9. e3 Nbd7 10. Bd3 h6 11. Bh4 O-O 12. O-O Nxe5 13. dxe5 Ng4 14. Bg3 Bh4 15.
Bf4 g5 16. f3 gxf4 17. fxg4 fxe3 18. g3 Bg5 19. Bf5 Qd7 20. Ne2 Rac8 21. Rad1
Kg7 22. h4 Bd8 23. Nf4 Bxf5 24. Nh5+ Kh8 25. Rxf5 Bb6 26. Qe2 d4 27. Qd3 c5 28.
Nf6 c4 29. Qe4 e2 30. Re1 d3+ 31. Rf2 Bxf2+ 32. Kxf2 d2 33. Qh7# {Black
checkmated} 1-0

[Event "Team 45 45 League T43"]
[Site "Internet Chess Club"]
[Date "2009.11.23"]
[Round "4"]
[White "vkpanch"]
[Black "mugurelt"]
[Result "0-1"]
[WhiteElo "1681"]
[BlackElo "1678"]
[Opening "Robatsch (modern) defense"]
[ECO "B06"]
[Time "21:30:50"]
[TimeControl "2700+45"]

1. e4 g6 2. d4 Bg7 3. Nf3 d6 4. Bf4 Nf6 5. Bd3 O-O 6. O-O c5 7. c3 cxd4 8. cxd4
Nc6 9. Nc3 Bg4 10. Be3 Nd7 11. d5 Nce5 12. Be2 Nxf3+ 13. Bxf3 Bxf3 14. Qxf3 a6
15. Rac1 Rc8 16. Rfd1 Qa5 17. Bd4 Rc4 18. Bxg7 Kxg7 19. b3 Rc7 20. Rd2 Rfc8 21.
Rdc2 b5 22. Qd3 Qb4 23. h3 Nc5 24. Qe2 Nd7 25. Qd2 a5 26. Kf1 Nc5 27. f3 a4 28.
Nb1 Qxd2 29. Nxd2 Kf8 30. Ke2 axb3 31. Nxb3 Nxb3 {White resigns} 0-1

[Event "Team 45 45 League T43"]
[Site "Internet Chess Club"]
[Date "2009.11.25"]
[Round "4"]
[White "RD1974"]
[Black "soccerisfun"]
[Result "1-0"]
[WhiteElo "1690"]
[BlackElo "1528"]
[Opening "Vienna game"]
[ECO "C28"]
[Time "18:30:11"]
[TimeControl "2700+45"]

1. e4 e5 2. Bc4 Nc6 3. Nc3 Nf6 4. d3 Bc5 5. f4 d6 6. Nf3 Bg4 7. Na4 Bb4+ 8. c3
Ba5 9. b4 Bb6 10. Nxb6 cxb6 11. O-O b5 12. Bb3 O-O 13. f5 Rc8 14. Bg5 h6 15. Bh4
Kh7 16. Qd2 Qb6+ 17. Bf2 Qc7 18. Nh4 g5 19. fxg6+ fxg6 20. Be3 g5 21. Nf3 Bxf3
22. Rxf3 Qg7 23. Rh3 Kg6 24. Rf1 Nd7 25. Rhf3 Rxf3 26. Rxf3 Rf8 27. Qf2 Rxf3 28.
Qxf3 Qf6 29. Kf2 Qxf3+ 30. Kxf3 Nf6 31. h3 a6 32. Be6 Ne7 33. Bb6 Ne8 34. a3 h5
35. g3 Kg7 36. Bd8 Kf6 37. Bc8 Kf7 38. Bxb7 d5 39. exd5 Nd6 40. Bxe7 Kxe7 41.
Bc6 Kf6 42. a4 Kf5 43. axb5 axb5 44. c4 bxc4 45. dxc4 Nxc4 46. b5 e4+ 47. Ke2 e3
48. d6 Nxd6 49. b6 h4 50. g4+ Kf4 51. b7 Nxb7 52. Bxb7 Kg3 53. Kxe3 Kxh3 54. Kf3
Kh2 55. Kf2 Kh3 56. Bf3 Kh2 57. Be4 Kh3 58. Bf5 Kh2 59. Kf3 Kh3 60. Bd7 Kh2 61.
Ke4 Kg3 62. Kf5 h3 63. Kxg5 h2 64. Bc6 Kf2 65. Kf6 Kg1 66. g5 h1=R 67. Bxh1 Kxh1
68. g6 Kh2 69. g7 Kh3 70. g8=Q Kh4 71. Qg2 Kh5 72. Qg5# {Black checkmated} 1-0

[Event "Team 45 45 League T43"]
[Site "Internet Chess Club"]
[Date "2009.11.22"]
[Round "4"]
[White "hondocando"]
[Black "Wheels"]
[Result "1-0"]
[WhiteElo "1944"]
[BlackElo "1985"]
[Opening "Sicilian: closed, 6.Be3"]
[ECO "B26"]
[Time "17:01:43"]
[TimeControl "2700+45"]

1. e4 c5 2. Nc3 Nc6 3. g3 g6 4. Bg2 Bg7 5. d3 d6 6. Be3 e6 7. Qd2 Nge7 8. Nge2
O-O 9. Bh6 d5 10. Bxg7 Kxg7 11. O-O dxe4 12. Nxe4 b6 13. Rad1 f5 14. N4c3 Bb7
15. d4 Qc7 16. dxc5 Rad8 17. Qe3 Bc8 18. Nb5 Qe5 19. Qxe5+ Nxe5 20. cxb6 axb6
21. Ned4 Kf6 22. Rfe1 Nd5 23. f4 Nc4 24. Nc6 Nxb2 25. Rd4 Bd7 26. Nxd8 Rxd8 27.
Bxd5 Bxb5 28. Rxe6+ Kg7 29. Rxb6 {Black resigns} 1-0

[Event "Team 45 45 League T43"]
[Site "Internet Chess Club"]
[Date "2009.11.20"]
[Round "4"]
[White "Philly-Boy"]
[Black "chess2k7"]
[Result "0-1"]
[WhiteElo "1838"]
[BlackElo "1919"]
[Opening "Budapest: Fajarowicz variation"]
[ECO "A51"]
[Time "12:08:39"]
[TimeControl "2700+45"]

1. d4 Nf6 2. c4 e5 3. dxe5 Ne4 4. Qd4 Bb4+ 5. Bd2 Nxd2 6. Nxd2 O-O 7. O-O-O Nc6
8. Qd5 Qe7 9. f4 d6 10. Ngf3 Rd8 11. Qe4 dxe5 12. fxe5 a5 13. e3 a4 14. Bd3 g6
15. Bc2 a3 16. Qf4 axb2+ 17. Kb1 Bxd2 18. Rxd2 Rxd2 19. Nxd2 Qa3 20. Bb3 Na5 21.
Qd4 Bf5+ 22. Bc2 Nb3 23. Qxb2 Nxd2+ 24. Ka1 Bxc2 25. Qxc2 Qxe3 26. Re1 Qxe1+
{White resigns} 0-1

[Event "Team 45 45 League T43"]
[Site "Internet Chess Club"]
[Date "2009.11.18"]
[Round "4"]
[White "jps7"]
[Black "Fuzzie"]
[Result "1-0"]
[WhiteElo "1803"]
[BlackElo "1765"]
[Opening "King's Indian: East Indian defense"]
[ECO "A48"]
[Time "19:00:11"]
[TimeControl "2700+45"]

1. d4 Nf6 2. Nf3 g6 3. e3 Bg7 4. b3 d6 5. Bb2 c6 6. Nbd2 O-O 7. Bd3 Nbd7 8. O-O
Qc7 9. Rc1 b5 10. c4 bxc4 11. Nxc4 Nb6 12. Na5 Qd7 13. Nxc6 Bb7 14. Na5 Rfc8 15.
Nxb7 Qxb7 16. Qe2 Rxc1 17. Rxc1 Rc8 18. Rxc8+ Qxc8 19. Qc2 Qxc2 20. Bxc2 Kf8 21.
Kf1 Ke8 22. Ke2 h6 23. Nd2 Kd7 24. Nc4 Nxc4 25. bxc4 Kc7 26. h3 Nd7 27. Kd3 Nb6
28. Bb3 e6 29. Bc3 Kc6 30. d5+ exd5 31. Bxg7 dxc4+ 32. Bxc4 {Black resigns} 1-0

[Event "Team 45 45 League T43"]
[Site "Internet Chess Club"]
[Date "2009.11.23"]
[Round "4"]
[White "SquAREA51"]
[Black "UnderRated"]
[Result "1/2-1/2"]
[WhiteElo "1620"]
[BlackElo "1706"]
[Opening "Sicilian: Alapin's variation (2.c3)"]
[ECO "B22"]
[Time "17:30:31"]
[TimeControl "2700+45"]

1. e4 c5 2. c3 Nf6 3. e5 Nd5 4. d4 cxd4 5. cxd4 e6 6. Nf3 Be7 7. Nc3 Nb6 8. Bd3
Na6 9. a3 Nc7 10. O-O a6 11. Qc2 h6 12. Be4 Nbd5 13. Re1 b5 14. Nxd5 Nxd5 15.
Bxd5 exd5 16. Bf4 Bb7 17. Rac1 Qb6 18. b4 O-O 19. Qd3 Rac8 20. Nd2 Rc6 21. Nb3
Rc4 22. Nc5 Bc6 23. Nb3 Rc8 24. Nc5 Qa7 25. Qd2 Ba8 26. Re3 Rc6 27. Rg3 Rg6 28.
Rxg6 fxg6 29. Be3 d6 30. Nd3 dxe5 31. Nxe5 Qb6 32. Nxc4 dxc4 33. Rc3 g5 34. d5
Qd6 35. Bc5 Qf6 36. Bxe7 Qxe7 37. f3 Qd6 38. Kf2 Bxd5 39. Qd4 Qc6 40. Qc5 Qe6
41. Qe3 Qf6 42. Ke2 Bf7 43. g3 Bg6 44. Kf2 Qf5 45. Kg2 Qf6 46. Qd2 Bd3 47. Rxd3
cxd3 48. Qxd3 Qb2+ 49. Kh3 Qf6 50. Qe4 Kf7 51. f4 gxf4 52. Qxf4 {Game drawn by
mutual agreement} 1/2-1/2

[Event "Team 45 45 League T43"]
[Site "Internet Chess Club"]
[Date "2009.11.21"]
[Round "4"]
[White "koni"]
[Black "katesolu"]
[Result "1-0"]
[WhiteElo "2005"]
[BlackElo "1749"]
[Opening "King's Indian: 6.Be2"]
[ECO "E91"]
[Time "11:09:05"]
[TimeControl "2700+45"]

1. Nf3 Nf6 2. c4 g6 3. Nc3 Bg7 4. e4 d6 5. d4 O-O 6. Be2 Nbd7 7. O-O c5 8. d5 a6
9. h3 Ne8 10. Bf4 Nc7 11. Qd2 Rb8 12. Bh6 b5 13. Bxg7 Kxg7 14. b3 b4 15. Na4 Ne8
16. Nh2 Nef6 17. Bd3 Ne5 18. Bc2 Qc7 19. f4 Ned7 20. Rae1 Bb7 21. Nf3 Rbe8 22.
e5 Ng8 23. e6 fxe6 24. Rxe6 Ndf6 25. Rfe1 Bc8 26. R6e2 Nh5 27. f5 Ng3 28. Re3
Nxf5 29. Bxf5 Bxf5 30. Ng5 Rf6 31. Qb2 h6 32. Nf3 Bd7 33. Nh4 Bxa4 34. bxa4 Qd7
35. Rg3 Kf7 36. Qc2 e5 37. Rxg6 Ne7 38. Rxf6+ Kxf6 39. Qh7 Rd8 40. Qxh6+ {Black
resigns} 1-0

[Event "Team 45 45 League T43"]
[Site "Internet Chess Club"]
[Date "2009.11.20"]
[Round "4"]
[White "jjmolina"]
[Black "IceBox"]
[Result "1/2-1/2"]
[WhiteElo "1682"]
[BlackElo "1752"]
[Opening "French: classical, Steinitz variation"]
[ECO "C14"]
[Time "16:01:39"]
[TimeControl "2700+45"]

1. e4 e6 2. d4 d5 3. Nc3 Nf6 4. Bg5 Be7 5. e5 Nfd7 6. Bxe7 Qxe7 7. f4 O-O 8. Nf3
c5 9. dxc5 Qxc5 10. Qd2 Nc6 11. O-O-O Nb6 12. Kb1 a6 13. h4 Bd7 14. h5 Rfc8 15.
g4 Na5 16. Qd4 Nac4 17. Bxc4 Nxc4 18. Rd3 Qb4 19. Nd1 Rc7 20. Rb3 Qa5 21. Nc3
Rac8 22. a3 b6 23. h6 g6 24. Rh2 Qc5 25. Qxc5 Rxc5 26. Nd4 b5 27. Na2 Na5 28.
Rc3 Rc4 29. Rxc4 Rxc4 30. c3 Nc6 31. Rd2 Nxd4 32. Rxd4 Kf8 33. Rxc4 dxc4 34. Nb4
Bc8 35. Kc1 Ke8 36. Kd2 Kd7 37. Ke3 Kc7 38. Kd4 Kb6 39. Nc2 Bb7 40. g5 Bf3 41.
Ne3 Kc6 42. Nf1 Bg2 43. Nh2 Bh3 44. Nf3 Bg2 45. Ne1 Bh1 46. Nc2 Bf3 47. Nb4+ Kb6
48. Nc2 Kc6 49. Ne3 Kb6 50. Nf1 Bg2 51. Nd2 Kc6 52. b3 cxb3 53. Nxb3 Bd5 54. Nc5
a5 55. Nd3 Bf3 56. Ne1 Bd5 57. Nc2 Bf3 58. Ne3 Kb6 59. Nf1 Bg2 60. Nh2 Bh3 61.
Nf3 Bg2 62. Nd2 Bd5 63. c4 bxc4 64. Nxc4+ Bxc4 65. Kxc4 Kc6 66. a4 Kb6 67. Kd4
Kc6 68. Kc4 Kb6 69. Kd4 Kc6 {Game drawn by mutual agreement} 1/2-1/2

[Event "Team 45 45 League T43"]
[Site "Internet Chess Club"]
[Date "2009.11.22"]
[Round "4"]
[White "chipionero"]
[Black "andrew28"]
[Result "1/2-1/2"]
[WhiteElo "1688"]
[BlackElo "1720"]
[Opening "QGD Slav/Grünfeld: Schlechter variation"]
[ECO "D15"]
[Time "16:01:35"]
[TimeControl "2700+45"]

1. d4 d5 2. Nf3 Nf6 3. c4 c6 4. Nc3 g6 5. e3 Bg7 6. cxd5 cxd5 7. Bd3 O-O 8. O-O
Nc6 9. a3 Bg4 10. h3 Bxf3 11. Qxf3 e5 12. dxe5 Nxe5 13. Qe2 Nh5 14. Rd1 Rc8 15.
Bc2 Nf6 16. Qb5 Qb6 17. Qxb6 axb6 18. Bb3 Nc4 19. Nxd5 Nxd5 20. Rxd5 Nxb2 21.
Rb1 Nc4 22. Bxc4 Rxc4 23. Bb2 Rfc8 24. Bxg7 Rc1+ 25. Rxc1 Rxc1+ 26. Kh2 Kxg7 27.
Rb5 Rc6 28. a4 Kf6 29. Kg3 Ke6 30. Kf3 h6 {Game drawn by mutual agreement}
1/2-1/2

[Event "Team 45 45 League T43"]
[Site "Internet Chess Club"]
[Date "2009.11.22"]
[Round "4"]
[White "Juan73"]
[Black "Mambo"]
[Result "0-1"]
[WhiteElo "1637"]
[BlackElo "1702"]
[Opening "Giuoco Pianissimo: Italian four knights variation"]
[ECO "C55"]
[Time "19:00:50"]
[TimeControl "2700+45"]

1. e4 e5 2. Nf3 Nc6 3. Bc4 Nf6 4. Nc3 Bc5 5. d3 O-O 6. Bg5 a6 7. Nd5 Be7 8.
Nxe7+ Qxe7 9. Nh4 d6 10. Nf5 Bxf5 11. exf5 Nd4 12. g4 h6 13. Bh4 Rad8 14. c3 Nc6
15. g5 hxg5 16. Bxg5 e4 17. d4 d5 18. Bb3 Qd6 19. Qe2 Na5 20. O-O-O Nxb3+ 21.
axb3 a5 22. Rdg1 Ra8 23. Bh6 Ne8 24. Bg5 f6 25. Be3 Qd7 26. Qh5 Nd6 27. Rg3 Nxf5
28. Rh3 a4 29. b4 a3 30. b3 a2 31. Kb2 Qb5 32. Ra1 Nxe3 33. Rxe3 f5 34. Qe2
Qxe2+ 35. Rxe2 Rf6 36. Rxa2 Rxa2+ 37. Kxa2 Rh6 38. Kb2 Rxh2 39. Kc2 g5 40. c4 c6
41. Kc3 f4 42. b5 e3 43. Kd3 Rxf2 44. Rxf2 exf2 45. Ke2 f1=Q+ 46. Kxf1 cxb5 47.
cxd5 Kf7 48. Kf2 Ke7 49. Kf3 Kd6 50. Ke4 b4 51. Kd3 Kxd5 {White resigns} 0-1

[Event "Team 45 45 League T43"]
[Site "Internet Chess Club"]
[Date "2009.11.21"]
[Round "4"]
[White "GeofDeV"]
[Black "mickeys"]
[Result "1-0"]
[WhiteElo "1886"]
[BlackElo "1858"]
[Opening "QGD: 4.Bg5 Be7"]
[ECO "D53"]
[Time "21:01:57"]
[TimeControl "2700+45"]

1. d4 e6 2. c4 d5 3. Nc3 Nf6 4. Bg5 Be7 5. e3 Nbd7 6. Nf3 h6 7. Bh4 O-O 8. Rc1
b6 9. cxd5 exd5 10. Bd3 Bb7 11. O-O Ne4 12. Bxe7 Qxe7 13. Qb3 Ndf6 14. Ne5 Nd2
15. Qa4 Nxf1 16. Kxf1 c5 17. Nb5 a6 18. Nc3 b5 19. Qd1 c4 20. Bf5 Bc8 21. Bb1
Re8 22. Qc2 Qd6 23. Ne2 g6 24. Ng3 Ng4 25. Nf3 Rxe3 26. h3 Rxf3 27. gxf3 Nf6 28.
Kg2 Qf4 29. Qc3 b4 30. Qe1 Qh4 31. Qh1 Qxd4 32. b3 c3 33. Rd1 Qc5 34. Bc2 Bd7
35. h4 Re8 36. h5 g5 37. Qf1 Bb5 38. Bd3 d4 39. Bxb5 axb5 40. Qd3 Nd5 41. Kg1 c2
42. Rc1 Nf4 43. Qxc2 Qxc2 44. Rxc2 Re1+ 45. Kh2 d3 46. Rd2 Rd1 47. Rxd1 {Black
resigns} 1-0

[Event "Team 45 45 League T43"]
[Site "Internet Chess Club"]
[Date "2009.11.22"]
[Round "4"]
[White "Dostoy"]
[Black "jefferyx"]
[Result "0-1"]
[WhiteElo "1734"]
[BlackElo "1986"]
[Opening "Queen's pawn: Yusupov-Rubinstein system"]
[ECO "A46"]
[Time "09:00:18"]
[TimeControl "2700+45"]

1. d4 Nf6 2. Nf3 e6 3. e3 b6 4. Bd3 Bb7 5. O-O Be7 6. c4 O-O 7. Nc3 d6 8. e4
Nbd7 9. Re1 e5 10. d5 Nc5 11. Bf1 a5 12. a4 Bc8 13. h3 Ne8 14. Qc2 f5 15. exf5
Bxf5 16. Qe2 h6 17. Nh2 Nb3 18. Bxh6 gxh6 19. Rad1 Nd4 20. Qh5 Ng7 21. Qxh6 Bg5
22. Qxg7+ Kxg7 {White resigns} 0-1

[Event "Team 45 45 League T43"]
[Site "Internet Chess Club"]
[Date "2009.11.20"]
[Round "4"]
[White "pishd"]
[Black "Chess2Play"]
[Result "0-1"]
[WhiteElo "1663"]
[BlackElo "1673"]
[Opening "QGD: exchange, positional line"]
[ECO "D35"]
[Time "07:07:59"]
[TimeControl "2700+45"]

1. d4 d5 2. c4 e6 3. Nc3 Nf6 4. cxd5 exd5 5. Bg5 Be7 6. e3 O-O 7. Bd3 Re8 8. Qc2
g6 9. Nf3 Nc6 10. a3 Nh5 11. Bxe7 Rxe7 12. O-O Nf6 13. h3 Be6 14. b4 a6 15. Na4
Qd7 16. Rfc1 Bxh3 17. Nc5 Qg4 18. Ne1 Nxd4 19. Qd1 Qg5 20. Bf1 Ne6 21. Nxb7 Rb8
22. Nc5 Nxc5 23. Rxc5 Bg4 24. Be2 Bxe2 25. Qxe2 Ne4 26. Nf3 Qf6 27. Rcc1 Rc8 28.
Ra2 c5 29. bxc5 Rxc5 30. Rxc5 Nxc5 31. Nd4 Ne4 32. Rc2 Rb7 33. Rc1 Qd6 34. Qa2
Rb6 35. g3 h5 36. Kg2 a5 37. Rc2 Kh7 38. Ne2 Rc6 39. Rb2 Nc3 40. Qa1 Nxe2 41.
Rxe2 Qf6 42. Qxf6 Rxf6 43. Rd2 Rd6 44. e4 d4 45. Kf3 d3 46. Ke3 Kh6 47. Rxd3
Rxd3+ 48. Kxd3 g5 49. Ke3 h4 50. gxh4 gxh4 51. Kf4 Kh5 52. e5 a4 53. f3 h3 54.
Kg3 Kg5 55. Kxh3 Kf4 56. Kg2 Kxe5 57. Kf2 Kd4 58. Ke2 Kc3 59. Ke3 Kb3 60. Kd3
Kxa3 61. Kc3 f6 62. f4 f5 63. Kc2 Kb4 64. Kb2 Kc4 65. Ka3 Kd4 66. Kxa4 Ke4
{White resigns} 0-1

[Event "Team 45 45 League T43"]
[Site "Internet Chess Club"]
[Date "2009.11.21"]
[Round "4"]
[White "Andressa"]
[Black "toukon"]
[Result "0-1"]
[WhiteElo "1525"]
[BlackElo "1437"]
[Opening "Sicilian"]
[ECO "B50"]
[Time "08:02:42"]
[TimeControl "2700+45"]

1. e4 c5 2. Nf3 d6 3. Nc3 Nf6 4. Bc4 Nc6 5. O-O g6 6. d3 Bg7 7. a3 O-O 8. Re1 a6
9. Nd5 Nxd5 10. Bxd5 Ne5 11. Nxe5 Bxe5 12. c3 Rb8 13. f4 Bg7 14. Qe2 b5 15. Rb1
a5 16. Ba2 b4 17. axb4 axb4 18. cxb4 Rxb4 19. e5 dxe5 20. fxe5 e6 21. Bc4 Bd7
22. Bd2 Rb8 23. Bc3 Qc7 24. b4 cxb4 25. Bxb4 Rxb4 26. Rxb4 Qc5+ 27. Kf1 Qxb4 28.
Qe4 Rc8 29. Ba6 Qxe4 30. Rxe4 Rc2 31. Rd4 Bc6 32. Rd8+ Bf8 33. d4 Bxg2+ 34. Ke1
Bd5 35. h3 Rh2 36. Bf1 Kg7 37. Rb8 Rh1 38. Kf2 Rh2+ 39. Kg1 Rd2 {White resigns}
0-1

[Event "Team 45 45 League T43"]
[Site "Internet Chess Club"]
[Date "2009.11.22"]
[Round "4"]
[White "zachi"]
[Black "Gregorio"]
[Result "0-1"]
[WhiteElo "1956"]
[BlackElo "2097"]
[Opening "Scotch gambit"]
[ECO "C44"]
[Time "11:37:33"]
[TimeControl "2700+45"]

1. e4 e5 2. Nf3 Nc6 3. d4 exd4 4. Bc4 Bc5 5. c3 d3 6. b4 Qe7 7. O-O Bb6 8. a4 a5
9. b5 Ne5 10. Nxe5 Qxe5 11. Kh1 Ne7 12. f4 Qxe4 13. Bxd3 Qe6 14. Re1 Qf6 15. Qe2
d6 16. f5 Kd8 17. g4 h6 18. Bb2 Re8 19. Na3 Bd7 20. Qg2 Kc8 21. Rad1 Bc5 22. c4
Qh4 23. Be4 c6 24. Nc2 Kc7 25. Nd4 h5 26. bxc6 bxc6 27. Nb5+ cxb5 28. Bxa8 Rxa8
29. Qxa8 Bc6+ 30. Qxc6+ Nxc6 31. cxb5 Qf2 32. Rf1 Qxb2 33. bxc6 hxg4 {White
resigns} 0-1

[Event "Team 45 45 League T43"]
[Site "Internet Chess Club"]
[Date "2009.11.27"]
[Round "4"]
[White "Harmonicus"]
[Black "mfeatherston"]
[Result "0-1"]
[WhiteElo "1821"]
[BlackElo "1884"]
[Opening "Pirc defense"]
[ECO "B07"]
[Time "13:00:24"]
[TimeControl "2700+45"]

1. e4 d6 2. d4 Nf6 3. Nc3 Nbd7 4. f4 e5 5. Nf3 c6 6. dxe5 dxe5 7. fxe5 Ng4 8. e6
fxe6 9. Ng5 Nde5 10. Qxd8+ Kxd8 11. h3 Nh6 12. Bf4 Nhf7 13. O-O-O+ Ke8 14. Nf3
Nxf3 15. gxf3 e5 16. Be3 Be6 17. a3 Bd6 18. h4 b6 19. Ba6 Rd8 20. Bb7 Kd7 21.
Ba6 Kc7 22. Bd3 Rhf8 23. Rhg1 g6 24. Ne2 Rd7 25. f4 Nd8 26. Rdf1 Rdf7 27. f5
gxf5 28. Bh6 f4 29. Bxf8 Bxf8 30. Rf3 h5 31. Rf2 Bc5 32. Rgf1 Bxf2 33. Rxf2 Rg7
34. Kd2 Nf7 35. Ke1 Nh6 36. Rf1 Rg2 37. Ng1 Ng4 38. Nf3 Nh2 39. Nxh2 Rxh2 40.
Rg1 Bg4 41. Kf1 Rxh4 42. Be2 f3 43. Bd1 Rh2 44. Rg3 Rh1+ 45. Rg1 Rxg1+ {White
resigns} 0-1

[Event "Team 45 45 League T43"]
[Site "Internet Chess Club"]
[Date "2009.11.18"]
[Round "4"]
[White "Grenadier"]
[Black "Kingofknights"]
[Result "1-0"]
[WhiteElo "1692"]
[BlackElo "1736"]
[Opening "Caro-Kann: Panov-Botvinnik attack, 5...e6"]
[ECO "B14"]
[Time "20:00:14"]
[TimeControl "2700+45"]

1. e4 c6 2. d4 d5 3. exd5 cxd5 4. c4 Nf6 5. Nc3 e6 6. Nf3 h6 7. Bd3 a6 8. O-O
dxc4 9. Bxc4 b5 10. Bb3 Bb7 11. Re1 Be7 12. Qe2 Nd5 13. Nxd5 Bxd5 14. Bc2 Nc6
15. Bf4 Rc8 16. a3 Bd6 17. Bxd6 Qxd6 18. Be4 O-O 19. Rac1 Rfd8 20. Red1 Bxe4 21.
Qxe4 Na5 22. g4 Nc4 23. Rc2 Rc7 24. Rdc1 f5 25. gxf5 exf5 26. Qxf5 Rf8 27. Qg4
Rcf7 28. Ne5 Rf4 29. Qd7 Rg4+ 30. Qxg4 {Black resigns} 1-0

[Event "Team 45 45 League T43"]
[Site "Internet Chess Club"]
[Date "2009.11.22"]
[Round "4"]
[White "badmove"]
[Black "GoIrish"]
[Result "0-1"]
[WhiteElo "1608"]
[BlackElo "1594"]
[Opening "Queen's pawn game"]
[ECO "A45"]
[Time "07:38:24"]
[TimeControl "2700+45"]

1. d4 Nf6 2. c3 g6 3. Nf3 Bg7 4. g3 O-O 5. Bg2 d5 6. Kf1 Nbd7 7. Bf4 c5 8. Ne5
Nxe5 9. Bxe5 cxd4 10. cxd4 e6 11. Nc3 Bd7 12. Rc1 Rc8 13. Bf3 h5 14. h3 Bh6 15.
g4 Bxc1 16. Qxc1 Kh7 17. gxh5 Nxh5 18. Bxh5 gxh5 19. Qc2+ f5 20. Qd2 Rg8 21. Qf4
Qg5 22. Qxg5 Rxg5 23. Rg1 Rxg1+ 24. Kxg1 b5 25. a3 a5 26. Bd6 Rc4 27. e3 b4 28.
axb4 axb4 29. Na2 b3 30. Nc3 Rxc3 {White resigns} 0-1

[Event "Team 45 45 League T43"]
[Site "Internet Chess Club"]
[Date "2009.11.24"]
[Round "4"]
[White "deeppurple"]
[Black "BigW"]
[Result "1/2-1/2"]
[WhiteElo "2043"]
[BlackElo "1956"]
[Opening "English opening"]
[ECO "A10"]
[Time "16:02:18"]
[TimeControl "2700+45"]

1. c4 d6 2. Nc3 e5 3. g3 Be7 4. Bg2 Nf6 5. Nf3 O-O 6. O-O Nc6 7. d4 exd4 8. Nxd4
Nxd4 9. Qxd4 c6 10. Rd1 Be6 11. e4 Qa5 12. h3 Rfd8 13. Be3 Qh5 14. g4 Nxg4 15.
hxg4 Bxg4 16. Rd2 Bf3 17. Bf4 Bxg2 18. Kxg2 Bg5 19. Bxg5 Qxg5+ 20. Kf1 Qh5 21.
Rad1 Rd7 22. c5 Re8 23. cxd6 Re6 24. e5 f6 25. Qc4 Qh3+ 26. Ke2 Qf5 27. Kf1 Qh3+
28. Kg1 fxe5 29. Rd3 Qf5 30. Rf3 Qxf3 31. Qxe6+ Rf7 32. Rd2 Qf4 33. Re2 Qc1+ 34.
Kg2 Qg5+ 35. Kh3 Qh5+ 36. Kg2 Qg5+ 37. Kf1 Qc1+ 38. Re1 Qxb2 39. Nd1 Qd4 40.
Qxe5 Qxe5 41. Rxe5 Rd7 42. Re8+ Kf7 43. Rb8 Ke6 44. Ke2 Kxd6 45. Ne3 Kc5 46. f4
g6 47. Re8 Kb4 48. Re4+ Ka3 49. Nc4+ Kxa2 50. Ne5 Re7 51. Ra4+ Kb3 52. Rxa7 g5
53. Kf3 c5 54. Nc6 Rf7 55. Rxb7+ Rxb7 56. Na5+ Kb4 57. Nxb7 gxf4 58. Nxc5 {Game
drawn by mutual agreement} 1/2-1/2